 Dungeon Crawl Stone Soup version 0.28-a0-1190-g77e1c55843 (webtiles) character file.

Game seed: 10997673217199125245

122 fragbeetle the Changer (level 5, -3/38 HPs)
             Began as a Merfolk Transmuter on Dec 19, 2021.
             Splashed by a jelly's acid (10 damage)
             ... on level 3 of the Dungeon.
             The game lasted 00:05:46 (3051 turns).

fragbeetle the Changer (Merfolk Transmuter)         Turns: 3051, Time: 00:05:48

Health: -3/38      AC: -5    Str: 12    XL:     5   Next: 6%
Magic:  8/8        EV: 12    Int: 13    God:
Gold:   131        SH:  0    Dex: 14    Spells: 4/8 levels left

rFire   . . .      SeeInvis .     - Unarmed
rCold   . . .      Faith    .   (no shield)
rNeg    . . .      Spirit   .   l - +0 robe
rPois   .          Reflect  .   (helmet currently unavailable)
rElec   .          Harm     .   (no cloak)
rCorr   .          Rampage  .   g - +0 pair of gloves
Will    .....                   (boots currently unavailable)
Stlth   +.........              (no amulet)
HPRegen 0.12/turn               (no ring)
MPRegen 0.11/turn               (no ring)

@: appendages, corroded
A: horns 2, (nimble swimmer 2), mertail
a: End Transformation


You were on level 3 of the Dungeon.
You had temporarily grown beastly horns.
You visited 1 branch of the dungeon, and saw 4 of its levels.

You collected 131 gold pieces.

Inventory:

Hand Weapons
 o - a +0 hunting sling
Missiles
 b - 56 stones
 n - 3 poisoned darts
Armour
 g - a +0 pair of gloves (worn)
 h - a +0 helmet
 k - a +1 hat (melded)
 l - a +0 robe (worn)
Wands
 m - a wand of acid (9)
Scrolls
 c - 2 scrolls of teleportation {unknown}
 f - 2 scrolls of acquirement {unknown}
 i - a scroll of fear {unknown}
 j - a scroll of identify {unknown}
Potions
 a - a potion of lignification {unknown}
 d - 2 potions of curing {unknown}
 e - a potion of haste {unknown}


   Skills:
 + Level 1.7 Fighting
 - Level 2.6 Dodging
 + Level 4.7 Unarmed Combat
 - Level 2.0 Spellcasting
 + Level 4.8 Transmutations
 + Level 1.0 Poison Magic


You had 4 spell levels left.
You knew the following spells:

 Your Spells              Type           Power      Damage    Failure   Level
a - Beastly Appendage     Tmut           26%        N/A       3%          1
b - Spider Form           Tmut/Pois      8%         N/A       22%         3

Your spell library contained the following spells:

 Spells                   Type           Power      Damage    Failure   Level
 Wereblood                Tmut           13%        N/A       5%          2
 Frozen Ramparts          Ice            2%         1d2       58%         3
 Ice Form                 Ice/Tmut       7%         N/A       67%         4
 Summon Ice Beast         Ice/Summ       1%         N/A       94%         4


Dungeon Overview and Level Annotations

Branches:
Dungeon (4/15)
 Temple: D:4-7

Altars:
Yredelemnul

Shops:
D:1 (


Innate Abilities, Weirdness & Mutations

You have temporarily grown beastly horns.
((You are quick and stealthy near water. (Stealth+, EV+, Speed+++)))
Your lower body shifts to a powerful aquatic tail in water.


Message History

The jelly jiggles.
There is a stone staircase leading up, spattered with blood here.
You grow a pair of large bovine horns.
Your +1 hat melds into your body.
The kobold barely misses you.
You hit the kobold. You headbutt the kobold.
You kill the kobold!
You hit the ball python. Your headbutt misses the ball python.
The ball python is heavily wounded.
The ball python bites you but does no damage.
The ball python grabs you. The ball python constricts you.
The ball python barely misses you. The ball python constricts you.
You closely miss the ball python.
The ball python is heavily wounded.
The ball python completely misses you. The ball python constricts you.
You closely miss the ball python. Your headbutt misses the ball python.
The ball python is heavily wounded.
The ball python bites you. The ball python constricts you.
You hit the ball python.
You kill the ball python!
The kobold barely misses you.
You see here a +0 short sword.
You hit the kobold.
You kill the kobold!
There is a stone staircase leading up, spattered with blood here.
Magic restored.
The jelly barely misses you.
You climb upwards.
There is a stone staircase leading down here.
You hit the jelly. The acid corrodes you!
Your hands burn!
The jelly is lightly wounded.
The jelly hits you.
You are splashed with acid!
You hit the jelly.
Your hands burn!
The jelly is moderately wounded.
The jelly closely misses you.
You hit the jelly but do no damage.
Your hands burn!
* * * LOW HITPOINT WARNING * * *
The jelly is moderately wounded.
The jelly hits you.
* * * LOW HITPOINT WARNING * * *
The acid corrodes you!
You are splashed with acid!
You die...

####'#### #.# #...
#.......# #.# #.##
#.......#####.####.##
#.....).'............
#.......#####.####.#.
#.......# #.# #.#.
#.......# #.####.#.
#..J....#####....#.#.
####@..)........<....
###.#######.###.#.
###.####........#.
#...........#.....
#.#.####.####.####
#.#.# #....#.####
#.#.####..#.#.#...
####.#.......#.#.....
#......####.##.......


You could see a jelly.

Vanquished Creatures
  An orc wizard (D:4)
  4 adders
  A dart slug (D:1)
  4 orcs
  4 ball pythons
  3 bats (D:2)
  6 endoplasms
  3 giant cockroaches
  5 goblins
  2 hobgoblins
  2 quokkas
  2 frilled lizards
  11 kobolds
  4 rats
52 creatures vanquished.

Vanquished Creatures (others)
  5 plants (D:4)
5 creatures vanquished.

Grand Total: 57 creatures vanquished

Notes
Turn   | Place    | Note
-------+----------+-------------------------------------------
     0 | D:1      | fragbeetle the Merfolk Transmuter began the quest for the
                  | Orb.
     0 | D:1      | Reached XP level 1. HP: 15/15 MP: 3/3
   290 | D:1      | Found Cugaamee's Antique Weapon Shoppe.
   340 | D:1      | Reached XP level 2. HP: 21/21 MP: 3/5
   930 | D:2      | Reached XP level 3. HP: 16/26 MP: 6/6
  2111 | D:3      | Found a basalt altar of Yredelemnul.
  2114 | D:3      | Reached XP level 4. HP: 30/32 MP: 5/7
  2349 | D:3      | Found a faded altar of an unknown god.
  2840 | D:4      | Learned a level 3 spell: Spider Form
  2856 | D:4      | Noticed a phantom
  2856 | D:4      | Noticed a scorpion
  2907 | D:4      | Noticed an ogre
  3019 | D:4      | Reached skill level 1 in Poison Magic
  3019 | D:4      | Reached XP level 5. HP: 33/38 MP: 6/8
  3051 | D:3      | Splashed by a jelly's acid

Illustrated notes

Levels and vault maps discovered:
D:1:      wander_arrival_estate, layout_basic, serial_shops, shop
D:2:      layout_basic, st_stairs_2, minmay_goblin_kobold_house
D:3:      layout_basic, mainiacjoe_overflow_catwalk,
          ebering_ecumenical_altar_abandoned, grunt_decor_fettered,
          kennysheep_boxes
D:4:      layout_loops_cross, elyvilon_altar_5, serial_shops,
          nicolae_shop_hallway_plus, serial_bayou, serial_bayou_shore_a,
          serial_bayou_pond_e, serial_bayou_crossing, serial_bayou_pond_a,
          serial_bayou_pond_b

Skill      XL: |  1  2  3  4 |
---------------+-------------+-----
Transmutations | 3 4 |  4.8
Unarmed Combat | 4 |  4.7
Poison Magic   | 1 |  1.0
Fighting       | |  1.7
Dodging        | |  2.6
Spellcasting   | |  2.0

Action                   |  1- 3 |  4- 6 || total
-------------------------+-------+-------++-------
Melee: Unarmed           |   101 |    49 ||   150
       Headbutt          |     8 |     5 ||    13
       Punch             |     3 |       ||     3
 Cast: Beastly Appendage |    23 |    12 ||    35
 Stab: Sleeping          |     1 |       ||     1
Armor: Robe              |    20 |     6 ||    26
Dodge: Dodged            |    49 |    27 ||    76

Table legend: (Time is in decaauts)
 A = Elapsed time spent in this place.
 B = Non-inter-level travel time spent in this place.
 C = Inter-level travel time spent in this place.
 D = Time resting spent in this place.
 E = Time spent auto-exploring this place.
 F = Levels seen in this place.
 G = Mean time per level.
                   A        B        C        D        E       F      G
               +--------+--------+--------+--------+--------+-----+--------+
         Total |   3011 |   2865 |    146 |    228 |   2038 |   4 |  752.8 |
       Dungeon |   3011 |   2865 |    146 |    228 |   2038 |   4 |  752.8 |
               +--------+--------+--------+--------+--------+-----+--------+

Top non-repeatable levels by time:
     D:2: 1334 daAuts
     D:3: 957 daAuts
     D:1: 592 daAuts
     D:4: 126 daAuts
